 BcadrenCrawl: Boulder Brew version 0.04.2-10-g17648f679b (webtiles) character file.

Game seed: 15218096510771372948, levelgen mode: deterministic

2490 diana the Fighter (level 9, -2/94 HPs) Platinum Draconian Demigod. Began on May 1, 2021. Slain by a shadow (3 damage) ... summoned by a guardian mummy's death curse ... on level 3 of the Dungeon. The game lasted 00:08:25 (3205 turns).

diana the Fighter (Platinum Draconian Demigod)      Turns: 3205, Time: 00:08:25

Health: -2/94      AC: 10    Str: 21    XL:     9 ^: 3016
Magic:  16/18      EV: 20    Int: 17    God:
Gold:   144        SH:  0    Dex: 13    Spells: 17/18 levels left

rFire    . . .     Vision   .   a - +0 long sword
rCold    . . .     Gourm    .   (no weapon)
rNeg     . . .     Faith    .   (armour unavailable)
rPois    .         Spirit   .   (helmet restricted)
rElec    .         Reflect  .   (no cloak)
rCorr    .         Harm     .   g - +0 pair of gloves
MR       .....                  k - +0 pair of boots
Stlth    ++........             (no amulet)
HPRegen  0.41/turn              i - ring of evasion
MPRegen  0.28/turn              (no ring)

@: quick
A: no body armour, unfitting armour, high mp 1, cold-blooded, translocation,
transmutation and hexes enhancers 1, fast, rMut, AC +8
a: Breathe Mutagenic Radiation


You were on level 3 of the Dungeon.
You were not hungry.

You visited 1 branch of the dungeon, and saw 3 of its levels.

You collected 144 gold pieces.

Inventory:

Weapons
 a - a +0 long sword (weapon)
Armour
 g - a +0 pair of gloves (worn)
 k - a +0 pair of boots (worn)
Jewellery
 f - an uncursed ring of ice
 i - a ring of evasion (left hand)
Wands
 l - a wand of hasting (4)
Potions
 b - 2 potions of agility
 e - a potion of cure mutation
 h - a potion of haste
 j - 2 potions of might
 m - a potion of resistance
Comestibles
 c - 5 rations


   Skills:
 + Level 10.4 Fighting
 - Level 2.0 Long Blades
 + Level 5.3 Dodging
 - Level 1.3 Stealth
 - Level 5.1 Spellcasting
 - Level 2.0 Fire Magic


You had 17 spell levels left.
You knew the following spells:

 Your Spells              Type           Power        Failure   Level  Hunger
a - Flame Tongue          Fire           11 (30)      6%          1    None

Your spell library contained the following spells:

 Spells                   Type           Power        Failure   Level  Hunger
 Conjure Flame            Fire           11 (100)     19%         3    ###....
 Blink                    Tloc           N/A          22%         2    #......
 Call Imp                 Summ           4 (100)      22%         2    #......
 Slow                     Hex            6 (100)      22%         2    #......
 Mephitic Cloud           Pois/Air       4 (100)      38%         3    ###....


Dungeon Overview and Level Annotations

Branches:
Dungeon (3/8)

Annotations:
D:3 1 runed translucent door, Lanoc's ghost, novice DrDg


Innate Abilities, Weirdness & Mutations

You cannot fit into any form of body armour.
Your lustrous platinum scales are resilient. (AC +8)
You can breathe blasts of radiation.
You have an increased reservoir of magic. (+10% MP)
You are cold-blooded and may be slowed by cold attacks.
You are in touch with the powers of translocation, transmutation and hexes.
Your lustrous platinum scales increase your movement speed and make you resistant to mutation. (fast, rMut)


Message History

The scorpion completely misses you (0). x3; The shadow hits you (3).
* * * LOW HITPOINT WARNING * * *
As you read the scroll of fear, it crumbles to dust.
You assume a fearsome visage.
The shadow is unaffected.
The scorpion looks frightened! x2
The shadow strikes at you from the darkness!
* * * LOW HITPOINT WARNING * * *
Reactivating autopickup.
The shadow closely misses you (0).
Unknown command.
You aren't carrying any scrolls.
Unknown command.
You feel better.
The shadow closely misses you (0). x2; You riposte.
You closely miss the shadow. You slash the shadow (14)!
You hit the shadow but do no damage.
The shadow is severely damaged. (8/22) HP The shadow hits you (9)!
* * * LOW HITPOINT WARNING * * *
The shadow hits you (3).
You die...

'?M....s...'.≈§§≈≈8≈≈.##########
##+#+#+#'#'#..§§≈8≈≈≈.##.......#
#†#.#8.§s§≈≈§.###.......##
#######s8≈8..## #.........
##...### #.......). #...##
#....#..)) ###.s## #.##.#....
##..# #.##.#.... ##@###
#.##.#.... #WW# #.##.#.... #.#
#.##.####. #.## #.##.# #. ##.##
#.##.# ## .###...######.##.#
..................#
.#.#.##........#### ##
##..........#..# ###.


You could see 2 shadows and a scorpion (fleeing).

Vanquished Creatures
  2 wraiths (D:3)
  4 flying skulls (D:3)
  A guardian mummy (D:3)
  A phantom (D:3)
  A scorpion (D:3)
  A crocodile (D:2)
  4 big kobolds (D:2)
  7 jellies (D:2)
  An orc priest (D:3)
  A hound (D:3)
  An orc wizard (D:3)
  2 mummies (D:3)
  A water moccasin skeleton (D:3)
  7 giant cockroaches
  A porcupine zombie (D:3)
  2 porcupine skeletons (D:3)
  4 gnolls (D:3)
  3 adders
  18 sewer rats (D:2)
  8 cinder newts (D:2)
  A worm (D:1)
  6 oozes (D:2)
  3 dart slugs (D:1)
  4 leopard geckos
  2 orcs (D:3)
  An adder skeleton (D:2)
  5 bats
  6 goblins (D:1)
  4 hobgoblins (D:1)
  4 jackals (D:3)
  A quokka (D:3)
  3 ball pythons
  2 bat skeletons (D:2)
  A jackal skeleton (D:3)
  16 kobolds
  4 rats
  2 rat skeletons (D:2)
  8 withered plants (D:2)
143 creatures vanquished.

Vanquished Creatures (others)
  A jelly (D:2)
  A ball python (D:2)
  4 kobolds (D:2)
  86 withered plants (D:2)
92 creatures vanquished.

Grand Total: 235 creatures vanquished

Notes
Turn   | Place    | Note
-------+----------+-------------------------------------------
     0 | D:1      | diana the Immature Draconian Demigod began the quest for
                  | the Orb.
     0 | D:1      | Reached XP level 1. HP: 18/18 MP: 3/3
   122 | D:1      | Reached XP level 2. HP: 26/26 MP: 4/4
   249 | D:1      | Reached skill level 2 in Fighting
   280 | D:1      | Reached XP level 3. HP: 33/33 MP: 5/5
   660 | D:1      | Reached XP level 4. HP: 40/40 MP: 5/7
   796 | D:2      | Reached XP level 5. HP: 48/48 MP: 11/11
   877 | D:2      | Reached skill level 5 in Spellcasting
   912 | D:2      | Reached skill level 3 in Fighting
   939 | D:2      | Reached XP level 6. HP: 56/56 MP: 15/15
  1012 | D:2      | Reached skill level 4 in Fighting
  1288 | D:2      | Reached skill level 5 in Fighting
  1422 | D:2      | Your scales start taking on a lustrous platinum colour.
  1422 | D:2      | Reached XP level 7. HP: 59/68 MP: 16/16
  1422 | D:2      | Gained mutation: Your lustrous platinum scales increase
                  | your movement speed and make you resistant to mutation.
                  | (fast, rMut) [Platinum Draconian growth]
  1422 | D:2      | Gained mutation: You are in touch with the powers of
                  | translocation, transmutation and hexes. [Platinum Draconian
                  | growth]
  1435 | D:2      | Reached skill level 6 in Fighting
  1661 | D:2      | Reached skill level 7 in Fighting
  2352 | D:3      | Reached skill level 8 in Fighting
  2479 | D:3      | Found a runed translucent door.
  2479 | D:3      | Found a shimmering altar of Xom.
  2479 | D:3      | Noticed Lanoc's ghost (novice DrDg)
  2479 | D:3      | Noticed a spear of chaos
  2487 | D:3      | Reached XP level 8. HP: 82/82 MP: 17/17
  2670 | D:3      | Reached skill level 9 in Fighting
  3011 | D:3      | Reached skill level 5 in Dodging
  3056 | D:3      | Reached skill level 10 in Fighting
  3145 | D:3      | Reached XP level 9. HP: 82/94 MP: 18/18
  3202 | D:3      | HP: 3/94 [something (23)]
  3205 | D:3      | HP: 1/94 [shadow[a guardian mummy's death curse] (9)]
  3205 | D:3      | Slain by a shadow

Levels and vault maps discovered:
D:1:      lightli_arrival_statuegarden, layout_basic, corexii_corridor_pit,
          cheibrodos_sewer_entry_bend
D:2:      layout_sewer
D:3:      ossuary_bcadren_due_volcanic, layout_basic, first_ration,
          ebering_ghost_xom, uniq_crazy_yiuf_cottage

Skill      XL: |  1  2  3  4  5  6  7  8 |
---------------+-------------------------+-----
Fighting       | 2 3 5 8 10 | 10.4
Long Blades    | 2 |  2.0
Dodging        | 3 5 |  5.3
Spellcasting   | 3 5 |  5.1
Fire Magic     | 2 |  2.0
Stealth        | |  1.3

Action                   |  1- 3 |  4- 6 |  7- 9 || total
-------------------------+-------+-------+-------++-------
Melee: Long sword        |    26 |    90 |   162 ||   278
       Unarmed           |     8 |    62 |   116 ||   186
       Tailslap          |     3 |     8 |    28 ||    39
 Cast: Flame Tongue      |       |     1 |    13 ||    14
 Abil: Breathe Mutagenic |       |       |     1 ||     1
  Use: Scroll            |       |       |     2 ||     2
       Potion            |       |       |     4 ||     4
 Stab: Sleeping          |     2 |     2 |     5 ||     9
       Distracted        |     1 |       |       ||     1
  Eat: Chunk             |       |     2 |     5 ||     7
       Ration            |       |       |     1 ||     1
Armor: Skin              |     3 |    16 |    42 ||    61
Dodge: Dodged            |    12 |   101 |   222 ||   335
       Rpst.: Long sword |     5 |    29 |    71 ||   105
